 Dungeon Crawl Stone Soup version 0.13-a0-2484-gc765b08 (console) character file.

134 Kellhus the Ruinous (level 4, 22/22 HPs)
             Began as a Gargoyle Wizard on July 21, 2013.
             Quit the game on Level 2 of the Dungeon.
             The game lasted 00:02:19 (2014 turns).

Kellhus the Ruinous (Gargoyle Wizard)               Turns: 2014, Time: 00:02:19

HP  22/22        AC  8     Str 11      XL: 4   Next:  1%
MP   7/11        EV 11     Int 19      God:
Gold 76          SH  0     Dex  8      Spells:  1 memorised,  8 levels left

Res.Fire  : . . .   See Invis. : .   (no weapon)
Res.Cold  : . . .   Warding    : .   a - +0 robe
Life Prot.: + . .   Conserve   : .   (no shield)
Res.Poison: +       Res.Corr.  : .   b - +0 wizard hat
Res.Elec. : +       Clarity    : .   (no cloak)
Sust.Abil.: . .     Spirit.Shd : .   (no gloves)
Res.Mut.  : .       Stasis     : .   (no boots)
Res.Rott. : +       Flight     : .   (no amulet)
Saprovore : . . .                    (no ring)
                                     (no ring)

@: slightly resistant to hostile enchantments, unstealthy
A: fangs 1, talons 2, life protection 1, electricity resistance, slow metabolism
1, unbreathing, petrification resistance, AC +6
a: no special abilities


You were on level 2 of the Dungeon.
You were not hungry.

You visited 1 branch of the dungeon, and saw 2 of its levels.

You collected 56 gold pieces.

Inventory:

Armour
 a - a +0 robe (worn)
 b - a +0 wizard hat (worn)
Magical devices
 p - a wand of polymorph (10) {unknown}
Comestibles
 d - 4 bread rations
 f - an apple
 n - 3 rotting chunks of hobgoblin flesh
Scrolls
 e - a scroll of teleportation {unknown}
 h - 4 scrolls of enchant weapon II {unknown}
 i - 2 scrolls of identify {unknown}
 j - a scroll of enchant weapon I {unknown}
 l - a scroll of remove curse {unknown}
 m - a scroll of random uselessness {unknown}
Potions
 k - a potion of degeneration {unknown}
 o - a potion of beneficial mutation {unknown}
Books
 c - a book of Minor Magic

   Spells                             Type                      Level
   *Magic Dart                        Conjuration                  1
   Blink                              Translocation                2
   Call Imp                           Summoning                    2
   Repel Missiles                     Charms/Air                   2
   Slow                               Hexes                        2
   Conjure Flame                      Conjuration/Fire             3
   Mephitic Cloud                     Conjuration/Poison/Air       3


   Skills:
 - Level 1.5 Dodging
 - Level 2.1 Stealth
 - Level 3.0 Spellcasting
 + Level 4.1 Conjurations
   Level 0.8 Summonings
   Level 0.8 Translocations


You had 8 spell levels left.
You knew the following spells:

 Your Spells              Type           Power        Failure   Level  Hunger
a - Magic Dart            Conj           ###.         3%          1    None


Dungeon Overview and Level Annotations

Branches:
Dungeon (2/27)

Altars:


Innate Abilities, Weirdness & Mutations

You are resistant to torment.
You are immune to poison.
Your stone body is very resilient (AC +6).
You have very sharp teeth.
You have razor-sharp toenails.
You resist negative energy.
You are resistant to electric shocks.
You have a slow metabolism.
You can survive without breathing.
You are immune to petrification.


Message History

Casting: Magic Dart
Confirm with . or Enter, or press ? or * to list all spells.
Aiming: Magic Dart
Press: ? - help, Shift-Dir - straight line, f/p - adder
Aim: an adder (moderately wounded)
The magic dart hits the adder.
The adder is severely wounded.
Casting: Magic Dart
Confirm with . or Enter, or press ? or * to list all spells.
Aiming: Magic Dart
Press: ? - help, Shift-Dir - straight line, f/p - adder
Aim: an adder (severely wounded)
The magic dart hits the adder.
You kill the adder!
Your Conjurations skill increases to level 4!
You have reached level 4!
You feel stronger.
Casting: Magic Dart
Confirm with . or Enter, or press ? or * to list all spells.
You can't see any susceptible monsters within range! (Use Z to cast anyway.) Are you sure you want to abandon this character and quit the game? (Confirm with "yes".)

## .. # #. # #. #.
#######.###..#.###.
#.@................
#.#####.###..#.#.##
#.# #.#. #.# #.#.
#.# #.#. #.# #.#.
#.# #.#. #.# . #.#.
#.# ..# #.#.


There were no monsters in sight!

Vanquished Creatures
  An adder (D:2)
  A worm (D:2)
  A ball python (D:2)
  2 giant cockroaches (D:1)
  5 goblins (D:1)
  6 hobgoblins
  2 jackals (D:2)
  7 kobolds
  3 quokkas (D:2)
  7 bats
  3 giant newts
  5 rats (D:1)
43 creatures vanquished.

Notes
Turn   | Place    | Note
--------------------------------------------------------------
     0 | D:1      | Kellhus, the Gargoyle Wizard, began the quest for the Orb.
     0 | D:1      | Reached XP level 1. HP: 8/8 MP: 5/5
   519 | D:1      | Reached XP level 2. HP: 9/13 MP: 5/7
  1090 | D:1      | Reached XP level 3. HP: 17/17 MP: 3/9
  2013 | D:2      | Reached skill level 4 in Conjurations
  2013 | D:2      | Reached XP level 4. HP: 22/22 MP: 8/11
  2014 | D:2      | Quit the game

Action                   |  1- 3 |  4- 6 || total
-------------------------+-------+-------++-------
Melee: Unarmed           |    19 |       ||    19
 Cast: Magic Dart        |   102 |     1 ||   103
